Unix NetHack Version 3.7.0-88 Work-in-progress - last build Aug 21 2023 04:08:40 (b68ccb3e4f8f5dcb83e1e40b1ff56e7dffd4cd28,branch:master). Game began 2023-08-30 13:01:25, ended 2023-08-30 14:58:28. pinball, chaotic male human Wizard -------- ------------->.|...| |.%......)..[......| ||-----------..|..-| |...).|--...|..|...| |...).|-...-...|...| |.....|....j..--...| |..[..|.-.|`.-..|.-| |.....|.``|.....|..| |.....|.-.|..-.....| |.....|...|........| -------------------- Pinball the Thaumaturge St:15 Dx:18 Co:16 In:18 Wi:12 Ch:10 Chaotic S:7564 Dlvl:3 $:88 HP:0(50) Pw:74(74) AC:3 Xp:8/1804 T:8612 Latest messages: A crossbow bolt misses you. You see here a crossbow bolt. The plains centaur shoots a crossbow bolt! The crossbow bolt hits the large cat. Z - a crossbow bolt (2 in total). You see here 2 crossbow bolts. Z - 2 crossbow bolts (4 in total). You swap places with your large cat. Autopickup: ON, for all objects. Z - a crossbow bolt (5 in total). You stop. Your large cat is in the way! The plains centaur swings his crossbow. The plains centaur hits! The plains centaur kicks! The plains centaur swings his crossbow. The plains centaur hits! The plains centaur kicks! You swap places with your large cat. You feel strong! You must have been exercising diligently. You swap places with your large cat. The plains centaur swings his crossbow. The plains centaur hits! The plains centaur kicks! You swap places with your large cat. The plains centaur swings his crossbow. The plains centaur hits! The plains centaur kicks! What do you want to zap? [cguwLOTUW or ?*] ? In what direction? l The plains centaur vanishes! The large cat vanishes! You hear some noises in the distance. Air currents pull you down into a hole! The lizard bites! You kill the cave spider! You hit the lizard! The lizard bites! You feel more confident in your weapon skills. You hit the lizard! You hit the lizard! The lizard turns to flee. The ochre jelly engulfs you! You are covered in slime! It burns! What do you want to zap? [cguwLOTUW or ?*] ? In what direction? h The bolt of fire rips into the ochre jelly! You are covered in slime! It burns! You die... Do you want your possessions identified? [ynq] (y) q Inventory: Coins $ - 88 gold pieces Weapons Z - 5 +0 crossbow bolts i - 12 +0 darts (at the ready) E - the blessed rustproof +0 Magicbane (weapon in hand) t - a +0 aklys F - a +0 aklys R - a cursed +0 elven short sword a - a blessed +4 quarterstaff (alternate weapon; not wielded) Armor Q - an uncursed +0 dwarvish iron helm (being worn) x - an uncursed burnt +0 pair of jumping boots (being worn) j - an uncursed +2 elven shield (being worn) b - a blessed +0 cloak of magic resistance (being worn) X - an uncursed +0 mummy wrapping Comestibles p - 2 uncursed slime molds H - an uncursed slime mold G - 2 uncursed candy bars labeled "Snacky Cake" o - an uncursed carrot l - an uncursed cream pie S - 3 uncursed food rations h - 2 uncursed lembas wafers z - an uncursed melon V - an uncursed pancake K - 2 uncursed pears q - 2 uncursed tripe rations k - 2 uncursed eggs n - 2 uncursed lichen corpses Y - an uncursed lizard corpse Rings m - an uncursed ring of cold resistance d - an uncursed ring of poison resistance f - an uncursed ring of poison resistance A - an uncursed ring of polymorph I - an uncursed ring of slow digestion named !c e - an uncursed ring of teleport control Wands L - a wand of cancellation (0:3) T - a wand of fire (0:6) g - a cursed wand of opening (0:4) O - a wand of sleep (0:1) W - a wand of slow monster (0:6) u - a wand of speed monster (0:4) c - a wand of striking (0:3) U - a wand of striking (0:2) w - a wand of teleportation (0:3) Tools v - an uncursed tin whistle C - an uncursed tin whistle D - an uncursed tin whistle P - an uncursed towel Gems/Stones N - 2 uncursed opals Pinball the Wizard's attributes: Background: You were a Thaumaturge, a level 8 male human Wizard. You were chaotic, on a mission for Anhur who was opposed by Ptah (lawful) and Thoth (neutral). You were in Sokoban, on level 3. You entered the dungeon 8612 turns ago. There was a full moon in effect when your adventure ended. You had 1804 experience points, 756 more were needed to attain level 9. Your score was 7564 before end-of-game adjustments. Basics: You had 0 out of 50 hit points. You had all 74 energy points (spell power). Your armor class was 3. Your wallet contained 88 zorkmids. Autopickup was on for all types. Final Characteristics: Your strength was 15 (limit:18/100). Your dexterity was 18 (limit:18). Your constitution was 16 (limit:18). Your intelligence was 18 (limit:18). Your wisdom was 12 (limit:18). Your charisma was 10 (limit:18). Final Status: You were engulfed by an ochre jelly. You were not hungry. You were unencumbered. You were wielding a dagger. You had basic skill with dagger and could have enhanced that. Final Attributes: You were piously aligned. You were magic-protected. You were poison resistant. You were telepathic. You could jump. You were warded. You were lucky. You are dead. Miscellaneous: You never encountered a bones level. Total elapsed playing time was 1 hour, 57 minutes and 3 seconds. Major events: Turn 1: pinball the chaotic male human Wizard entered the dungeon 847: attained the rank of Conjurer (level 3) 2027: entered the Gnomish Mines 2341: was bestowed with Magicbane by Anhur 2778: attained the rank of Thaumaturge (level 6) 4264: reached Mine Town 4972: entered Sokoban 5308: completed 1st Sokoban level 6386: completed 2nd Sokoban level 7104: completed 3rd Sokoban level 8612: killed by an ochre jelly Vanquished creatures: an ochre jelly a python a Grey-elf a cockatrice a leprechaun a giant spider a black light 2 dwarf mummies a rust monster an owlbear a Green-elf a lizard a chickatrice a housecat a dwarf leader a blue jelly a raven a gnome mummy 2 water moccasins 2 human zombies an imp 2 Mordor orcs 4 rock piercers 2 rock moles a fog cloud 2 yellow lights 4 gnome leaders a gnomish wizard 2 kobold mummies 4 floating eyes 2 kittens 7 dwarves a homunculus 3 hill orcs 3 rothes a centipede 2 giant bats a monkey 3 orc zombies a dwarf zombie a wererat 2 werejackals 14 killer bees 2 gas spores 4 hobbits 3 manes a large kobold 2 hobgoblins 6 giant rats 7 cave spiders a red mold 27 gnomes 9 garter snakes 2 gnome zombies 7 geckos 13 jackals 3 kobolds a goblin 3 sewer rats 8 grid bugs 7 lichens a kobold zombie 7 newts 201 creatures vanquished. No species were genocided or became extinct. Voluntary challenges: You read items or engraved 12 times. You never engraved Elbereth. You never genocided any monsters. You never polymorphed an object. You never changed form. You used no wishes. You did not violate any of the special Sokoban rules. Achievements: You attained the rank of Conjurer. You entered the Gnomish Mines. You attained the rank of Thaumaturge. You entered Minetown. You entered Sokoban. The Dungeons of Doom: levels 1 to 6 Level 1: "$" A fountain. Level 2: "+'s R Us" An altar to Anhur, some fountains. Stairs down to The Gnomish Mines. Level 3: "bars" An altar. Level 4: "werej" An altar to Anhur, some sinks. Level 5: Level 6: Some fountains, a grave. Stairs up to Sokoban, level 5. The Gnomish Mines: levels 3 to 6 Level 3: Level 4: Level 5: Level 6: "Do they have little name badges?" Sokoban: levels 5 up to 2 Level 2: Unsolved. Level 3: <- You were here. Solved. Final resting place for you, killed by an ochre jelly. Level 4: Solved. Level 5: Solved. Game over: ---------- / \ / REST \ / IN \ / PEACE \ / \ | pinball | | 88 Au | | killed by an | | ochre jelly | | | | | | 2023 | *| * * * | * _________)/\\_//(\/(/\)/\//\/|_)_______ Goodbye pinball the Wizard... You died in Sokoban on dungeon level 3 with 7556 points, and 88 pieces of gold, after 8612 moves. You were level 8 with a maximum of 50 hit points when you died.